 Dungeon Crawl Stone Soup version 0.29.1-15-g9cfb28693d (webtiles) character file.

Game seed: 9313934085678065944

354 adizb the Chopper (level 6, -2/52 HPs)
             Began as a Palentonga Fighter on Apr 18, 2023.
             Slain by a +0 glaive of speed (3 damage)
             ... created by the rancor of the Wu Jian Council
             ... on level 4 of the Dungeon.
             The game lasted 00:12:45 (2123 turns).

adizb the Chopper (Palentonga Fighter)              Turns: 2123, Time: 00:12:48

Health: -2/52      AC:  6    Str: 23    XL:     6   Next: 35%
Magic:  6/6        EV:  7    Int:  8    God:
Gold:   99         SH:  4    Dex: 10    Spells: 5/5 levels left

rFire   . . .      SeeInvis +   a - +0 war axe
rCold   . . .      Faith    .   c - +0 buckler
rNeg    . . .      Spirit   .   b - +0 scale mail
rPois   +          Reflect  .   i - +0 helmet
rElec   .          Harm     .   (no cloak)
rCorr   .          Rampage  .   g - +1 pair of gloves
Will    .....                   (no barding)
Stlth   ..........              (no amulet)
HPRegen 0.17/turn               n - ring of poison resistance
MPRegen 0.10/turn               (no ring)

@: mighty, corroded
A: large, rugged brown scales 3, see invisible, deformed body, roll 1, armoured
tail
a: Rolling Charge


You were on level 4 of the Dungeon.
You visited 1 branch of the dungeon, and saw 4 of its levels.

You collected 99 gold pieces.

Inventory:

Hand Weapons
 a - a +0 war axe (weapon)
Missiles
 l - 4 javelins
Armour
 b - a +0 scale mail (worn)
 c - a +0 buckler (worn)
 g - a +1 pair of gloves (worn)
 i - a +0 helmet (worn)
Jewellery
 n - a ring of poison resistance (left hand)
 o - a ring of fire
Scrolls
 j - 2 scrolls of enchant weapon
 k - a scroll of vulnerability
 m - a scroll of fear {unknown}
 q - 2 scrolls of amnesia
 v - a scroll of blinking
Potions
 d - a potion of might
 e - a potion of flight {unknown}
 f - 2 potions of heal wounds {unknown}
 h - a potion of brilliance
 p - 2 potions of haste {unknown}
 r - a potion of mutation {unknown}
 t - a potion of curing {unknown}
 u - a potion of lignification {unknown}


   Skills:
 + Level 4.4 Fighting
 * Level 5.2 Axes
 + Level 3.3 Armour
 - Level 2.6 Shields


You had 5 spell levels left.
You didn't know any spells.
Your spell library contained the following spells:

 Spells                   Type           Power      Damage    Failure   Level
 Slow                     Hex            0%         N/A       80%         1
 Confusing Touch          Hex            0%         N/A       99%         3
 Vampiric Draining        Necr           0%         2d6       99%         3


Dungeon Overview and Level Annotations

Branches:
Dungeon (4/15)
 Temple: D:4-7

Altars:
Wu Jian


Innate Abilities, Weirdness & Mutations

You are completely covered in rugged brown scales. (AC +3, +7% HP)
You have supernaturally acute eyesight. (SInv)
Armour fits poorly on your strangely shaped body.
You can roll at nearby foes to attack.
You have a long armoured tail.


Message History

You tail-slap the scorpion, but do no damage.
The scorpion is severely wounded.
The scorpion stings you but does no damage.
You hit the scorpion.
The scorpion is severely wounded.
The scorpion stings you but does no damage. x2
You slash the scorpion!
You kill the scorpion!
Sifu Ma Yunglu says: Suffer, mortal!
The rancor of the Wu Jian Council corrodes you!
A +0 glaive of speed, a +1 vorpal broad axe, a +3 dire flail of freezing and a +3 vorpal broad axe come into view.
You barely miss the +3 vorpal broad axe.
You hit the +1 vorpal broad axe but do no damage.
You hit the +3 vorpal broad axe.
The +3 vorpal broad axe is moderately damaged.
You hit the +1 vorpal broad axe but do no damage.
You slash the +3 vorpal broad axe!
The +3 vorpal broad axe is almost destroyed.
You barely miss the +1 vorpal broad axe.
The +1 vorpal broad axe hits you! The +3 vorpal broad axe hits you!
The +0 glaive of speed hits you from afar.
You hit the +3 vorpal broad axe.
You destroy the +3 vorpal broad axe!
That felt strangely unrewarding.
You hit the +1 vorpal broad axe but do no damage.
The +1 vorpal broad axe hits you!
* * * LOW HITPOINT WARNING * * *
x2 The +0 glaive of speed hits you but does no damage.
The +0 glaive of speed barely misses you.
You feel very mighty all of a sudden. The +1 vorpal broad axe hits you!
* * * LOW HITPOINT WARNING * * *
x2 The +0 glaive of speed barely misses you.
Roll where?
Press: ? - help, Q - select action, (/) - cycle Dir - move target, f - +0 glaive of speed
Aim: a +0 glaive of speed (durably summoned)
You roll forward with a clatter of scales!
You hit the +0 glaive of speed but do no damage.
The +0 glaive of speed hits you.
You die...

#.# #.......##..#..##..### #.#
#.......###...##.....## #.#
#.......###...##......#
#.#####.......##...#...#....#
#.#...........##..#...#.#...#
#.#...........##.#.....#....#
####.............###(.......##.#
#...........####(#############.#
#.###.......# #@#.# #........#
#.# #.....).# #(#.# #........#
#.# #.......# #.#.# ####'#####
#.# #.......# #(#.# #.###### #.#
#.####### #.#.# #.##.... #.# #.#
#.#.# #.##.###
#.###.##########.#.# #.##.#
.................#.# #.##.#
#####^############.#######.##.#


You could see 3 dancing weapons.

Vanquished Creatures
  9 dancing weapons
  A water moccasin (D:4)
  A scorpion (D:4)
  A hound (D:3)
  Natasha (D:4)
  3 gnolls (D:2)
  2 adders
  2 worms
  A dart slug (D:2)
  5 orcs (D:4)
  8 bats
  5 endoplasms
  8 giant cockroaches
  4 goblins
  4 hobgoblins
  9 jackals
  3 kobolds
  5 quokkas
  4 ball pythons
  2 frilled lizards
  8 rats
86 creatures vanquished.

Vanquished Creatures (others)
  2 plants (D:2)
2 creatures vanquished.

Grand Total: 88 creatures vanquished

Notes
Turn   | Place    | Note
-------+----------+-------------------------------------------
     0 | D:1      | adizb the Palentonga Fighter began the quest for the Orb.
     0 | D:1      | Reached XP level 1. HP: 19/19 MP: 1/1
    41 | D:1      | Reached XP level 2. HP: 10/25 MP: 2/2
   284 | D:1      | Reached skill level 3 in Axes
   345 | D:1      | Reached XP level 3. HP: 31/31 MP: 3/3
   517 | D:2      | Found a faded altar of an unknown god.
   525 | D:2      | Prayed at the altar of an unknown god.
   525 | D:2      | Became a worshipper of the Wu Jian Council
   525 | D:2      | Reached * piety under Wu Jian
   548 | D:2      | Fell from the grace of Wu Jian
   616 | D:2      | Noticed a +1 rapier of speed
   616 | D:2      | Noticed a +2 rapier of flaming
   616 | D:2      | Noticed a +1 rapier of flaming
   616 | D:2      | Noticed a +3 dire flail of freezing
   623 | D:2      | Killed a +2 rapier of flaming
   625 | D:2      | Killed a +1 rapier of flaming
   631 | D:2      | Killed a +1 rapier of speed
   635 | D:2      | Killed a +3 dire flail of freezing
   682 | D:2      | Reached XP level 4. HP: 38/38 MP: 4/4
  1118 | D:3      | Reached skill level 4 in Axes
  1254 | D:3      | Reached XP level 5. HP: 43/44 MP: 5/5
  1290 | D:3      | Identified the +10 short sword of the Doomed Warrior
                  | {protect, *Slow Will+ Str+4}
  1495 | D:4      | Noticed a water moccasin
  1508 | D:4      | Killed a water moccasin
  1827 | D:4      | Noticed a +4 great sword of electrocution
  1827 | D:4      | Noticed a +3 quarterstaff of freezing
  1827 | D:4      | Noticed a +0 dire flail of freezing
  1827 | D:4      | Noticed a +1 rapier of freezing
  1829 | D:4      | Killed a +1 rapier of freezing
  1833 | D:4      | Killed a +3 quarterstaff of freezing
  1834 | D:4      | Killed a +0 dire flail of freezing
  1836 | D:4      | Killed a +4 great sword of electrocution
  2032 | D:4      | Reached XP level 6. HP: 51/51 MP: 6/6
  2051 | D:4      | Noticed Natasha
  2055 | D:4      | Killed Natasha
  2072 | D:4      | Reached skill level 5 in Axes
  2118 | D:4      | Noticed a +0 glaive of speed
  2118 | D:4      | Noticed a +1 vorpal broad axe
  2118 | D:4      | Noticed a +3 dire flail of freezing
  2118 | D:4      | Noticed a +3 vorpal broad axe
  2121 | D:4      | Killed a +3 vorpal broad axe
  2122 | D:4      | HP: 1/52 [+1 vorpal broad axe[the rancor of the Wu Jian
                  | Council] (3)]
  2123 | D:4      | Slain by a +0 glaive of speed

Illustrated notes

Levels and vault maps discovered:
D:1:      dpeg_arrival_arbitrary_a, layout_rooms
D:2:      wad_lake_hut, layout_rooms, ebering_ecumenical_altar_mist
D:3:      layout_loops_cross
D:4:      layout_basic, hangedman_decor_slide_cut, nicolae_titane, uniq_natasha

Skill      XL: |  1  2  3  4  5  6 |
---------------+-------------------+-----
Axes           | 3 4 5 |  5.2
Fighting       | 4 |  4.4
Armour         | 3 |  3.3
Shields        | |  2.6

Action                   |  1- 3 |  4- 6 || total
-------------------------+-------+-------++-------
Melee: War axe           |   101 |   106 ||   207
       Tailslap          |     8 |    13 ||    21
Invok: Renounce Religion |     1 |       ||     1
 Abil: Rolling Charge    |    23 |    23 ||    46
  Use: Scroll            |     3 |     2 ||     5
       Potion            |       |     1 ||     1
Armor: Scale mail        |    61 |    45 ||   106
Dodge: Dodged            |    29 |    28 ||    57
Block: Buckler           |    19 |    20 ||    39
